 Dungeon Crawl Stone Soup version 0.23-a0-554-gd3cbc84 (webtiles) character file.

50 galech the Skirmisher (level 3, -2/29 HPs)
             Began as a Demonspawn Fighter on Dec 10, 2018.
             Succumbed to a goblin's poison
             ... on level 2 of the Dungeon.
             The game lasted 00:01:05 (845 turns).

galech the Skirmisher (Demonspawn Fighter)           Turns: 845, Time: 00:01:06

Health: -2/29      AC:  6    Str: 21    XL:     3   Next: 55%
Magic:  0/3        EV:  7    Int:  9    God:
Gold:   64         SH:  9    Dex: 13    Spells: 2/2 levels left

rFire    . . .     SeeInvis .   a - +0 war axe
rCold    . . .     Gourm    .   c - +0 shield
rNeg     . . .     Faith    +   b - +0 scale mail
rPois    .         Spirit   +   (helmet restricted)
rElec    .         Reflect  .   (no cloak)
rCorr    .         Harm     .   (no gloves)
MR       .....                  (no boots)
Stlth    ..........             k - amulet of faith
HPRegen  0.09/turn              (no ring)
MPRegen  0.08/turn              (no ring)

@: mighty, lethally poisoned (-2 -> -28)
A: antennae 1, magic shield
a: no special abilities


You were on level 2 of the Dungeon.
You were not hungry.

You visited 1 branch of the dungeon, and saw 2 of its levels.

You collected 64 gold pieces.

Inventory:

Hand Weapons
 a - a +0 war axe (weapon)
Armour
 b - a +0 scale mail (worn)
 c - a +0 shield (worn)
Jewellery
 k - an amulet of faith (around neck)
Scrolls
 e - a scroll of immolation {unknown}
 h - 3 scrolls of identify {unknown}
 i - a scroll of blinking {unknown}
Potions
 d - a potion of might
 j - a potion of berserk rage {unknown}
Comestibles
 f - 4 rations
 g - 2 chunks of flesh


   Skills:
 + Level 3.5 Fighting
 + Level 2.5 Axes
 + Level 3.0 Armour
 + Level 3.0 Shields


You had 2 spell levels left.
You didn't know any spells.
Your spell library was empty.

Dungeon Overview and Level Annotations

Branches:
Dungeon (2/15)

Altars:

Annotations:
D:2 Robin


Innate Abilities, Weirdness & Mutations

You have a pair of small antennae on your head.
When hurt, damage is shared between your health and your magic reserves.


Message History

You block the hobgoblin's attack.
The goblin hits you with a +2 dagger of venom.
* * * LOW HITPOINT WARNING * * *
You are more poisoned.
You feel very mighty all of a sudden.
* * * LOW HITPOINT WARNING * * *
You feel sick.
The goblin no longer looks unusually strong.
The hobgoblin no longer looks unusually strong.
You block the hobgoblin's attack. The goblin closely misses you.
You slash the goblin!
You kill the goblin!
You barely miss the hobgoblin.
* * * LOW HITPOINT WARNING * * *
You feel very sick. Robin throws the goblin at you!
You block the goblin's attack.
The hobgoblin hits you but does no damage.
The goblin hits you.
You miss the goblin. You closely miss the hobgoblin.
You die...

##### ...#
#####.######
#gg@g......#
...ggg###.####.#
...g# #.# #.#
... #.####.####
# #.##......#
..##.#.##.#
####.#.##.#
#.#..#.#
#.##.#.#


You could see Robin, 3 hobgoblins and 3 goblins.

Vanquished Creatures
  2 dart slugs (D:1)
  2 leopard geckos
  A ball python (D:1)
  A giant cockroach (D:1)
  6 goblins
  8 hobgoblins
  8 kobolds
  3 bats (D:1)
  A frilled lizard (D:1)
  7 rats
39 creatures vanquished.

Notes
Turn   | Place    | Note
-------+----------+-------------------------------------------
     0 | D:1      | galech the Demonspawn Fighter began the quest for the Orb.
     0 | D:1      | Reached XP level 1. HP: 18/18 MP: 1/1
   144 | D:1      | Gained mutation: When hurt, damage is shared between your
                  | health and your magic reserves. [demonic ancestry]
   144 | D:1      | Reached XP level 2. HP: 22/24 MP: 2/2
   382 | D:1      | Gained mutation: You have a pair of small antennae on your
                  | head. [demonic ancestry]
   382 | D:1      | Reached XP level 3. HP: 23/29 MP: 1/3
   830 | D:2      | Noticed Robin
   844 | D:2      | HP: 1/29 [poisoned by a goblin]
   845 | D:2      | Succumbed to a goblin's poison

Vault maps used:
D:1:      minmay_arrival_nine_rooms, minmay_tetromino_s4
D:2:      old_standard_altar, overflow_temple_1_default, uniq_jessica,
          uniq_robin

Skill      XL: |  1  2  3 |
---------------+----------+-----
Axes           | 2 |  2.5
Armour         | 3 |  3.0
Shields        | 3 |  3.0
Fighting       | |  3.5

Action                   || total
-------------------------++-------
Melee: War axe           ||    91
  Use: Potion            ||     1
Armor: Scale mail        ||    42
Dodge: Dodged            ||    29
Block: Shield            ||    51

Table legend:
 A = Non-vault XP
 B = Vault XP
 C = Vault XP percentage of total XP
 D = Non-vault monster count
 E = Vault monster count
 F = Vault count percentage of total count
                 A         B        C        D         E       F
            +---------+---------+-------+---------+---------+-------
      Total |      56 |      16 |  22.2 |      30 |       9 |  23.1
            +---------+---------+-------+---------+---------+-------
        D:1 |      49 |       3 |   5.8 |      26 |       2 |   7.1
        D:2 |       7 |      13 |  65.0 |       4 |       7 |  63.6
            +---------+---------+-------+---------+---------+-------
